 Dungeon Crawl Stone Soup version 0.28.0-53-g5a82cb258f (console) character file.

Game seed: 8598527108239085576

6561 erker the Transmogrifier (level 11, -12/67 HPs)
             Began as an Octopode Earth Elementalist on June 5, 2022.
             Was an Elder of Cheibriados.
             Shot with a bolt by an orc warrior (20 damage)
             ... in a bailey.
             The game lasted 00:53:33 (10599 turns).

erker the Transmogrifier (OpEE)                    Turns: 10599, Time: 00:53:36

Health: -12/67     AC:  3    Str: 18    XL:     11   Next: 1%
Magic:  26/26      EV: 15    Int: 36    God:    Cheibriados [****..]
Gold:   441        SH:  0    Dex: 25    Spells: 8/18 levels left

rFire   + + .      SeeInvis .   b - +1 dagger (protect)
rCold   . . .      Faith    .   (no shield)
rNeg    + + +      Spirit   .   t - +2 hat
rPois   .          Reflect  .   (no amulet)
rElec   .          Harm     .   d - +6 ring of dexterity
rCorr   .          Rampage  .   f - ring of protection from fire
Will    +....                   r - +6 ring of intelligence
Stlth   ++++++....              B - +4 ring of slaying
HPRegen 0.21/turn               l - ring of willpower
MPRegen 0.20/turn               E - ring "Ykerafuv" {Wiz Contam Str+4 Slay+3}
                                C - ring of protection from fire
                                q - ring of the Burgomaster {rN+++ MP+9 Str-3 Dex-3 Slay+5}

@: very slow
A: almost no armour, amphibious, 8 rings, camouflage 1, gelatinous body 1,
nimble swimmer 1, tentacles
a: Renounce Religion, Bend Time, Temporal Distortion, Slouch


You were in a bailey.
You worshipped Cheibriados.
Cheibriados was greatly pleased with you.
You visited 1 branch of the dungeon, and saw 10 of its levels.
You also visited: Bailey.

You collected 485 gold pieces.
You spent 44 gold pieces at shops.

Inventory:

Hand Weapons
 a - a +1 dagger of venom
 b - a +1 dagger of protection (weapon)
 v - the +5 spear of the Fifty Spines {flame, rElec rF+ Str+4}
   (You found it on level 4 of the Dungeon)

   It burns those it strikes, dealing additional fire damage.
   Str:       It affects your strength (+4).
   rF:        It protects you from fire.
   rElec:     It insulates you from electricity.
 G - a +0 dagger of holy wrath
Missiles
 k - 129 stones (quivered)
 J - a throwing net
Armour
 t - a +2 hat (worn)
 M - a +0 kite shield
Magical Staves
 w - a staff of conjuration
Jewellery
 d - a +6 ring of dexterity (left tentacle)
 f - a ring of protection from fire (right tentacle)
 l - a ring of willpower (on tentacle)
 q - the ring of the Burgomaster (on tentacle) {rN+++ MP+9 Str-3 Dex-3 Slay+5}
   (You acquired it on level 8 of the Dungeon)

   [ring of magical power]

   Str:       It affects your strength (-3).
   Dex:       It affects your dexterity (-3).
   Slay:      It affects your accuracy & damage with ranged weapons and melee
   (+5).
   rN:        It renders you almost immune to negative energy.
   MP:        It affects your magic capacity (+9).
 r - a +6 ring of intelligence (on tentacle)
 B - a +4 ring of slaying (on tentacle)
 C - a ring of protection from fire (on tentacle)
 E - the ring "Ykerafuv" (on tentacle) {Wiz Contam Str+4 Slay+3}
   (You found it on level 7 of the Dungeon)

   [ring of wizardry]

   It improves your spell success rate.
   Str:       It affects your strength (+4).
   Slay:      It affects your accuracy & damage with ranged weapons and melee
   (+3).
   Contam:    It causes magical contamination when unequipped.
Wands
 i - a wand of acid (4)
 y - a wand of paralysis (14)
 A - a wand of iceblast (13)
 D - a wand of flame (11)
Scrolls
 c - 4 scrolls of noise {unknown}
 e - 2 scrolls of blinking {unknown}
 g - 3 scrolls of fear {unknown}
 h - 5 scrolls of amnesia {unknown}
 p - 2 scrolls of enchant armour {unknown}
 F - 2 scrolls of vulnerability {unknown}
 I - 5 scrolls of identify
 K - a scroll of immolation {unknown}
 L - 2 scrolls of teleportation {unknown}
Potions
 j - a potion of magic
 m - 2 potions of might
 n - a potion of attraction
 o - 3 potions of lignification
 s - a potion of ambrosia {unknown}
 u - a potion of haste
 x - a potion of flight {unknown}
 z - a potion of berserk rage {unknown}
 H - 2 potions of heal wounds


   Skills:
 + Level 3.0 Fighting
 - Level 4.0 Short Blades
 - Level 3.0 Dodging
 - Level 6.0 Stealth
 - Level 4.0 Spellcasting
 - Level 2.0 Necromancy
 - Level 10.0 Transmutations
 + Level 9.8 Earth Magic
 * Level 4.3 Invocations


You had 8 spell levels left.
You knew the following spells:

 Your Spells              Type           Power      Damage    Failure   Level
a - Sandblast             Erth           100%       2d20      1%          1
p - Petrify               Tmut/Erth      68%        N/A       1%          4
v - Vampiric Draining     Necr           21%        2d7       2%          3
w - Passwall              Tmut/Erth      56%        N/A       1%          2

Your spell library contained the following spells:

 Spells                   Type           Power      Damage    Failure   Level
 Animate Skeleton         Necr           42%        N/A       1%          1
 Apportation              Tloc           14%        N/A       1%          1
 Pain                     Necr           84%        1d8       1%          1
 Shock                    Conj/Air       28%        1d4       1%          1
 Slow                     Hex            28%        N/A       1%          1
 Summon Small Mammal      Summ           28%        N/A       1%          1
 Corpse Rot               Necr/Air       28%        N/A       1%          2
 Stone Arrow              Conj/Erth      84%        3d12      1%          3
 Poisonous Vapours        Pois/Air       14%        N/A       2%          2
 Scorch                   Fire           14%        2d5       2%          2
 Confusing Touch          Hex            7%         N/A       5%          3
 Swiftness                Air            7%         N/A       5%          3
 Airstrike                Air            3%         N/A       16%         4
 Flame Wave               Conj/Fire      7%         2d5       16%         4
 Agony                    Necr           21%        N/A       21%         5
 Excruciating Wounds      Necr           10%        N/A       21%         5
 Summon Cactus Giant      Summ           3%         N/A       92%         6


Dungeon Overview and Level Annotations

Branches:
Dungeon (10/15)            Temple (0/1) D:4          Bailey (1/1)
   Lair: D:8-11         Orc: D:9-12

Altars:
Cheibriados
Kikubaaqudgha
Nemelex Xobeh
Okawaru
Sif Muna
Uskayaw
Vehumet
Xom
Zin
The Shining One
Jiyva

Shops:
D:2 ![!(   D:6 (

Annotations:
D:4 2 transporters, Edmund; Manslay's ghost, novice OpCj
D:8 2 runed translucent doors, exclusion: orange crystal statue
D:9 3 runed translucent doors, diceflayer's ghost, journeyman MiFi


Innate Abilities, Weirdness & Mutations

You cannot wear most types of armour.
You are amphibious.
You can wear up to eight rings at the same time.
Your skin changes colour to match your surroundings (Stealth+).
Your rubbery body absorbs attacks. (AC +1, EV +1)
You are camouflaged when in or above water. (Stealth+)
You have tentacles for arms and can constrict up to eight enemies at once.


Message History

The bolt closely misses you.
The bolt hits the orc warrior!
The orc warrior completely misses you.
You hit the orc warrior.
You kill the orc warrior!
Cheibriados appreciates the change of pace.
You hear a splash. x3
The orc shoots a bolt.
The bolt hits you.
The orc shoots a bolt.
The bolt hits you.
The orc shoots a bolt.
The bolt hits you!
Aiming: Paralyse
Press: ? - help, Shift-Dir - straight line, f - orc
Aim: an orc, wielding a +4 arbalest, wearing a +0 ring mail and quivering bolts (chance to affect: 66%)
The orc struggles to resist.
The orc shoots a bolt.
The bolt hits you!
* * * LOW HITPOINT WARNING * * *
Press: ? - help, v - describe, . - travel, g - get item
Items here: ( ) [ †.
Some shallow water.
Unknown command.
Unknown command.
Unknown command.
Unknown command.
Unknown command.
Unknown command.
Unknown command.
Unknown command.
Unknown command.
Aiming: Corrosive Bolt
Press: ? - help, Shift-Dir - straight line, f - orc warrior
Aim: an orc warrior, wielding a +0 arbalest, wearing a +0 ring mail and quivering bolts (64% to hit)
The bolt of acid hits the orc warrior!
The acid corrodes the orc warrior!
The orc warrior is heavily wounded.
The orc warrior shoots a bolt.
The bolt hits you!
* * * LOW HITPOINT WARNING * * *
Aiming: Iceblast
Press: ? - help, Shift-Dir - straight line, f/p - orc warrior
Aim: an orc warrior, wielding a +0 arbalest, wearing a +0 ring mail and quivering bolts (heavily wounded, covered in acid)
The mass of ice explodes!
The iceblast engulfs the orc warrior!
The orc warrior is almost dead.
The orc warrior shoots a bolt.
The bolt hits you!!
You die...

...........
............
.............
≈≈≈≈≈≈≈≈≈≈≈≈
≈≈≈≈≈≈≈≈≈≈≈ #
≈≈≈≈≈≈≈≈≈≈##.##≈..
≈≈≈≈≈≈≈≈≈)o.o.#≈..
≈≈≈≈≈≈≈≈≈#∩.##≈..
###≈≈≈≈@##.#≈≈.
##≈≈≈≈≈≈≈≈≈≈.
##≈≈≈≈≈≈≈≈≈.
##≈≈≈≈≈≈≈≈..
#≈≈≈≈≈≈≈≈..
##≈≈≈≈≈≈≈..
#≈≈≈≈≈≈≈...
#≈≈≈≈≈≈≈.... ≈
#≈≈≈≈≈≈≈....


You could see an orc warrior (corroded).

Vanquished Creatures
  Harold (D:8)
  A hydra (D:9)
  Pikel (D:5)
  Maurice (D:8)
  A hornet (D:9)
  5 yaks (D:9)
  A water moccasin (D:8)
  7 orc warriors
  3 ice beasts
  A sky beast (D:6)
  4 ogres
  3 centaurs
  3 bullfrogs
  2 scorpions (D:4)
  A wyvern zombie (D:7)
  12 killer bees
  3 howler monkeys
  A bullfrog zombie (D:7)
  2 bullfrog skeletons
  2 centaur zombies (D:9)
  A jelly (D:5)
  A gnoll shaman (D:4)
  A centaur skeleton (D:7)
  5 orc priests
  2 hounds (D:5)
  3 iguanas
  A scorpion zombie (D:4)
  7 orc wizards
  A hound skeleton (D:4)
  5 gnolls (D:4)
  6 adders
  2 adder skeletons
  A worm (D:3)
  38 orcs
  7 endoplasms
  8 goblins
  5 hobgoblins
  4 quokkas
  9 ball pythons
  3 bats
  5 frilled lizards
  8 kobolds
  4 rats
182 creatures vanquished.

Vanquished Creatures (others)
  An orc (D:5)
1 creature vanquished.

Grand Total: 183 creatures vanquished

Notes
Turn   | Place    | Note
-------+----------+-------------------------------------------
     0 | D:1      | erker the Octopode Earth Elementalist began the quest for
                  | the Orb.
     0 | D:1      | Reached XP level 1. HP: 11/11 MP: 3/3
   732 | D:1      | Reached XP level 2. HP: 17/17 MP: 1/5
  1429 | D:2      | Found Riot's Distillery.
  1445 | D:2      | Reached XP level 3. HP: 21/21 MP: 6/6
  1448 | D:2      | Bought a potion of curing for 33 gold pieces
  1565 | D:2      | Learned a level 2 spell: Passwall
  1641 | D:2      | Found Voebral's Armour Shop.
  1814 | D:2      | Found a glowing silver altar of Zin.
  1821 | D:2      | Found Hiol's Distillery.
  1827 | D:2      | Bought a potion of degeneration for 11 gold pieces
  1843 | D:2      | Reached skill level 2 in Transmutations
  1926 | D:2      | Found Sexzug's Weapon Shop.
  2548 | D:3      | Reached XP level 4. HP: 27/27 MP: 7/7
  2703 | D:3      | Learned a level 4 spell: Petrify
  3009 | D:4      | Noticed a scorpion
  3014 | D:4      | Killed a scorpion
  3015 | D:4      | Reached skill level 3 in Transmutations
  3015 | D:4      | Reached XP level 5. HP: 31/31 MP: 4/8
  3162 | D:4      | Identified the +5 spear of the Fifty Spines {flame, rElec
                  | rF+ Str+4}
  3231 | D:4      | Found a transporter.
  3234 | D:4      | Noticed Manslay's ghost (novice OpCj)
  3272 | D:5      | Entered Level 5 of the Dungeon
  3502 | D:5      | Found a radiant altar of Vehumet.
  3505 | D:5      | Found a glowing golden altar of the Shining One.
  3506 | D:5      | Found a hide-covered altar of Uskayaw.
  3512 | D:5      | Found a shimmering blue altar of Sif Muna.
  3514 | D:5      | Found a sparkling altar of Nemelex Xobeh.
  3515 | D:5      | Found an iron altar of Okawaru.
  3518 | D:5      | Found a snail-covered altar of Cheibriados.
  3520 | D:5      | Found a shimmering altar of Xom.
  3521 | D:5      | Found an ancient bone altar of Kikubaaqudgha.
  3523 | D:5      | Became a worshipper of Cheibriados the Contemplative
  3621 | D:4      | Reached XP level 6. HP: 28/36 MP: 9/9
  3712 | D:4      | Found a transporter.
  3778 | D:4      | Found a staircase to the Ecumenical Temple.
  3848 | D:4      | Noticed Edmund
  3905 | D:4      | Reached skill level 4 in Transmutations
  4142 | D:5      | Noticed an ice beast
  4574 | D:5      | Reached * piety under Cheibriados
  4575 | D:5      | Reached skill level 5 in Transmutations
  4575 | D:5      | Reached XP level 7. HP: 41/41 MP: 6/11
  4808 | D:5      | Noticed Pikel
  4825 | D:5      | Killed Pikel
  4826 | D:5      | Reached skill level 6 in Transmutations
  4826 | D:5      | Reached skill level 5 in Earth Magic
  4826 | D:5      | Reached XP level 8. HP: 36/46 MP: 8/12
  5431 | D:6      | Found Raotas's Weapon Emporium.
  6041 | D:6      | Reached skill level 7 in Transmutations
  6066 | D:6      | Reached XP level 9. HP: 51/51 MP: 9/13
  6303 | D:4      | Reached skill level 5 in Stealth
  6353 | D:4      | Reached ** piety under Cheibriados
  6854 | D:7      | Identified the ring "Ykerafuv" {Wiz Contam Str+4 Slay+3}
  7120 | D:7      | Reached skill level 8 in Transmutations
  7431 | D:7      | Learned a level 3 spell: Vampiric Draining
  7616 | D:8      | Noticed Maurice
  7640 | D:8      | Killed Maurice
  7673 | D:8      | Noticed Harold
  7700 | D:8      | Found the +10 tower shield of Ignorance {rN+ Int-4}
  7707 | D:8      | Found a runed translucent door.
  7728 | D:8      | Killed Harold
  7729 | D:8      | Reached skill level 9 in Transmutations
  7729 | D:8      | Reached XP level 10. HP: 56/56 MP: 9/14
  8150 | D:8      | Reached *** piety under Cheibriados
  8674 | D:8      | Found a runed translucent door.
  8683 | D:8      | Noticed an orange crystal statue
  8785 | D:8      | Identified a scroll of acquirement {??}
  8785 | D:8      | Acquired the ring of the Burgomaster {rN+++ MP+9 Str-3
                  | Dex-3 Slay+5}
  8949 | D:9      | Reached skill level 1 in Invocations
  9140 | D:9      | Found a runed translucent gate.
  9140 | D:9      | Noticed diceflayer's ghost (journeyman MiFi)
  9141 | D:9      | Found a runed translucent gate.
  9141 | D:9      | Found a runed translucent gate.
  9141 | D:9      | Identified the +0 robe of Fietonun {Rampage Drain rPois
                  | Str+4}
  9180 | D:9      | Noticed a six-headed hydra
  9188 | D:9      | Killed a six-headed hydra
  9189 | D:9      | Reached skill level 10 in Transmutations
  9522 | D:9      | Reached skill level 1 in Fighting
  9962 | D:9      | Reached **** piety under Cheibriados
 10370 | D:9      | Found a viscous altar of Jiyva.
 10396 | D:10     | Entered Level 10 of the Dungeon
 10398 | D:10     | Found a flagged portal.
 10442 | Bailey   | Entered a bailey
 10496 | Bailey   | Reached XP level 11. HP: 48/67 MP: 17/17
 10599 | Bailey   | Shot with a bolt by an orc warrior

Illustrated notes

Levels and vault maps discovered:
D:1:      psy_arrival_basics, layout_basic
D:2:      layout_loops_cross, basic_altar, serial_shops,
          nicolae_shop_statue_plus, nicolae_diamond_shop,
          nicolae_lakefront_shop, shop, item_on_display_a
D:3:      layout_loops_ring
D:4:      layout_loops_cross, minmay_temple_entry_glassed_door,
          gammafunk_ghost_stat_death, chequers_mini_garden, uniq_edmund
D:5:      layout_loops_ring, nicolae_overflow_hallway_of_the_gods, uniq_pikel
D:6:      layout_basic, serial_shops, nicolae_square_shop
D:7:      layout_basic
D:8:      layout_basic, chequers_guarded_unrand_ignorance, uniq_maurice,
          uniq_harold
D:9:      layout_long_grid, gammafunk_ghost_ooze
D:10:     layout_rooms, old_standard_altar,
          chequers_temple_overflow_statue_of_worship, erik_lair_island,
          enter_bailey_5, serial_bayou_pond_a
Bailey:   bailey_polearm_2, bailey

Skill      XL: |  1  2  3  4  5  6  7  8  9 10 |
---------------+-------------------------------+-----
Stealth        | 3 4 6 |  6.0
Transmutations | 2 3 5 6 7 9 10 | 10.0
Short Blades   | 2 4 |  4.0
Earth Magic    | 4 5 7 9 |  9.8
Spellcasting   | 3 4 |  4.0
Dodging        | 3 |  3.0
Necromancy     | 2 |  2.0
Invocations    | 4 |  4.3
Fighting       | 3 |  3.0

Action                   |  1- 3 |  4- 6 |  7- 9 | 10-12 || total
-------------------------+-------+-------+-------+-------++-------
Melee: Unarmed           |    10 |       |       |       ||    10
       Dagger            |    52 |    12 |   122 |   100 ||   286
       Tentacles         |     9 |    21 |    25 |    23 ||    78
       Constrict         |     9 |    19 |    20 |    22 ||    70
       Short sword       |       |    52 |       |       ||    52
       Punch             |       |     1 |     3 |     4 ||     8
Throw: Stone             |       |       |       |     2 ||     2
 Cast: Sandblast         |    11 |    20 |     6 |       ||    37
       Passwall          |     5 |     9 |    20 |     1 ||    35
       Petrify           |       |     4 |     7 |     6 ||    17
       Vampiric Draining |       |       |       |     7 ||     7
Evoke: Wand              |       |       |     3 |     5 ||     8
  Use: Potion            |       |     3 |     2 |       ||     5
       Scroll            |       |       |       |     3 ||     3
 Stab: Sleeping          |    18 |     7 |    27 |     3 ||    55
       Petrified         |       |       |    12 |     5 ||    17
       Petrifying        |       |       |     1 |     2 ||     3
Armor: Skin              |     1 |     6 |    12 |    22 ||    41
Dodge: Dodged            |    26 |    45 |    40 |   107 ||   218
